 Dungeon Crawl Stone Soup version 0.21-a0-578-gc6e9d75 (webtiles) character file.

9 tidbits the Scratcher (level 2, -1/12 HPs)
             Began as a Felid Transmuter on Dec 18, 2017.
             Slain by a jackal (2 damage)
             ... on level 1 of the Dungeon.
             The game lasted 00:01:29 (170 turns).

tidbits the Scratcher (Felid Transmuter)             Turns: 170, Time: 00:01:29

Health: -1/12      AC:  1    Str:  6    XL:     2   Next: 6%
Magic:  6/6        EV: 18    Int: 14    God:
Gold:   42         SH:  0    Dex: 16    Spells: 4/5 levels left
                                        Lives:  0   Deaths: 0

rFire    . . .     SeeInvis +     - Unarmed
rCold    . . .     Gourm    .   (shield unavailable)
rNeg     . . .     Faith    .   (armour unavailable)
rPois    .         Spirit   .   (helmet unavailable)
rElec    .         Reflect  .   (cloak unavailable)
rCorr    .         Harm     .   (gloves unavailable)
MR       .....                  (boots unavailable)
Stlth    +++.......             (no amulet)
HPRegen  0.04/turn              (no ring)
MPRegen  0.10/turn              (no ring)

@: quick
A: very small, no armour, no weapons or thrown items, stealth, claws 1, fangs 3,
see invisible, carnivore, speed 1, shaggy fur 1, slow metabolism 1, sharp paws
a: no special abilities


You were on level 1 of the Dungeon.
You were not hungry.

You visited 1 branch of the dungeon, and saw 2 of its levels.

You collected 42 gold pieces.

Inventory:

Missiles
 a - 39 arrows
 d - 35 stones
Scrolls
 e - a scroll of amnesia {unknown}
 f - a scroll of enchant armour {unknown}
Books
 b - a book of Changes

   Spells                             Type                      Level
   a - Beastly Appendage              Transmutation                1
   b - Sticks to Snakes               Transmutation                2
   c - Spider Form                    Transmutation/Poison         3
   d - Ice Form                       Ice/Transmutation            4
   e - Blade Hands                    Transmutation                5
Comestibles
 c - a ration


   Skills:
 - Level 1.0 Fighting
 - Level 2.6 Dodging
 + Level 2.7 Stealth
 - Level 3.0 Unarmed Combat
 - Level 2.0 Spellcasting
 - Level 2.1 Transmutations


You had 4 spell levels left.
You knew the following spells:

 Your Spells              Type           Power        Failure   Level  Hunger
e - Beastly Appendage     Tmut           #.....       10%         1    ##.....


Dungeon Overview and Level Annotations

Branches:
Dungeon (2/15)

Altars:


Innate Abilities, Weirdness & Mutations

You cannot wear armour.
You are incapable of wielding weapons or throwing items.
Your paws allow you to move quietly. (Stealth)
You have sharp claws.
You have razor-sharp teeth.
You have supernaturally acute eyesight. (SInv)
You are carnivorous and can eat meat at any time.
You cover ground quickly.
You are covered in fur. (AC +1)
You have a slow metabolism.
Your sharp claws are effective at attacking unaware monsters.


Message History

* * * LOW HITPOINT WARNING * * *
You closely miss the goblin. Your bite misses the goblin.
The goblin is heavily wounded.
You scratch the goblin.
You kill the goblin!
Your Stealth skill increases to level 2!
Things that are here:
a dagger; a goblin corpse Your magical contamination has completely faded away.
You see here 14 stones.
d - 35 stones (gained 14)
Your transformation is almost over.
You see here 11 gold pieces.
You now have 34 gold pieces (gained 11).
Found a scroll labeled ARGHIE HIHAFE.
Your horns disappear.
You see here a scroll labeled ARGHIE HIHAFE.
e - a scroll labeled ARGHIE HIHAFE
Casting: Beastly Appendage
Confirm with . or Enter, or press ? or * to list all spells.
You grow a pair of large bovine horns.
The frilled lizard hisses angrily.
The frilled lizard bites you but does no damage.
Found 8 gold pieces.
You closely miss the frilled lizard. You headbutt the frilled lizard.
You kill the frilled lizard!
Your transformation is almost over.
You see here 8 gold pieces.
You now have 42 gold pieces (gained 8).
Found 19 sling bullets.
Found 27 arrows.
Your horns disappear.
Found a scroll labeled FIZXETHRYFE.
You see here a scroll labeled FIZXETHRYFE.
f - a scroll labeled FIZXETHRYFE You open the door.
There is an open door here.
A rat comes into view.
You see here 27 arrows.
a - 39 arrows (gained 27)
A jackal comes into view.
The jackal barks!
You hear an angry hiss.
A jackal comes into view.
A jackal comes into view.
Casting: Beastly Appendage
Confirm with . or Enter, or press ? or * to list all spells.
You grow a pair of large bovine horns.
The jackal barks! x2; You hear a shout!
Your transformation is almost over.
You scratch the jackal but do no damage.
The jackal bites you but does no damage.
The jackal closely misses you.
You scratch the jackal.
The jackal is almost dead.
The jackal completely misses you.
You closely miss the jackal.
You headbutt the jackal, but do no damage.
The jackal is almost dead.
The jackal bites you but does no damage.
You barely miss the jackal. Your headbutt misses the jackal.
The jackal is almost dead.
The jackal barely misses you.
You closely miss the jackal. You scratch the jackal.
The jackal is moderately wounded.
The jackal bites you.
* * * LOW HITPOINT WARNING * * *
The jackal bites you.
* * * LOW HITPOINT WARNING * * *
You are too injured to fight recklessly!
You barely miss the jackal.
The jackal is moderately wounded.
The jackal closely misses you.
You barely miss the jackal. Your headbutt misses the jackal.
The jackal is moderately wounded.
The jackal misses you.
You closely miss the jackal. Your headbutt misses the jackal.
The jackal is moderately wounded.
Your horns disappear.
The jackal bites you.
* * * LOW HITPOINT WARNING * * *
You scratch the jackal.
You kill the jackal!
You scratch the jackal.
You kill the jackal!
You have reached level 2!
You scratch the rat.
The rat is heavily wounded.
The rat barely misses you.
You closely miss the rat.
The rat is heavily wounded.
The rat misses you.
You scratch the rat.
You kill the rat!
You completely miss the jackal. The jackal closely misses you.
The jackal barely misses you.
You scratch the jackal.
The jackal is moderately wounded.
The jackal bites you.
You die...

#..# #....# #.# #..#
#....# #.# #..# #....#
##.# #..# #....#### ...#
#..# +....'..# ...#
#(.######....##.## ...#
#................#
...#####.#########..#..#
.†.......# #..@h..# .#
..############.###..# #
.............. ......
......####### ##h###.#
##....# ... # #....# #r#
#....# .h. #....# ..
#....##


You could see a jackal.

Vanquished Creatures
  A dart slug (D:1)
  A goblin (D:1)
  2 jackals (D:1)
  A bat (D:1)
  A frilled lizard (D:1)
  2 rats (D:1)
8 creatures vanquished.

Notes
Turn   | Place    | Note
-------+----------+-------------------------------------------
     0 | D:1      | tidbits the Felid Transmuter began the quest for the Orb.
     0 | D:1      | Reached XP level 1. HP: 9/9 MP: 4/4
    71 | D:1      | Reached skill level 1 in Stealth
    90 | D:1      | Reached skill level 2 in Stealth
   165 | D:1      | Reached XP level 2. HP: 1/12 MP: 6/6
   170 | D:1      | Slain by a jackal

Vault maps used:
D:1:      ldierk_water_garden, minmay_misc_feat_iff

Skill      XL: |  1 |
---------------+----+-----
Stealth        | 2 |  2.7
Fighting       | |  1.0
Dodging        | |  2.6
Unarmed Combat | |  3.0
Spellcasting   | |  2.0
Transmutations | |  2.1

Action                   || total
-------------------------++-------
Melee: Unarmed           ||    31
       Headbutt          ||     3
 Cast: Beastly Appendage ||     5
Armor: Skin              ||     3
Dodge: Dodged            ||    20

Table legend:
 A = Spawn XP
 B = Non-spawn XP
 C = Spawn XP percentage of total XP
 D = Spawn monster count
 E = Non-spawn monster count
 F = Spawn count percentage of total count
 G = Total turns spent on level
                    A         B        C        D         E        F      G
               +---------+---------+-------+---------+---------+-------+---------
         Total |       0 |      14 |   0.0 |       0 |       8 |   0.0 |   170
               +---------+---------+-------+---------+---------+-------+---------
           D:1 |       0 |      14 |   0.0 |       0 |       8 |   0.0 |   166
               +---------+---------+-------+---------+---------+-------+---------

Table legend:
 A = Turns spent in this place as a percentage of turns spent in the entire game.
 B = Non-inter-level travel turns spent in this place as a percentage of non-inter-level travel turns spent in the entire game.
 C = Inter-level travel turns spent in this place as a percentage of turns spent in this place.
 D = Turns resting spent in this place as a percentage of non-inter-level travel turns spent in this place.
 E = Turns spent auto-exploring this place as a percentage of non-inter-level travel turns spent in this place.
 F = Non-inter-level travel turns spent in this place divided by the number of levels of this place that you've seen.
                   A       B       C       D       E      F
               +-------+-------+-------+-------+-------+----------------------
         Total | 100.0 | 100.0 |   0.0 |   0.0 |   0.0 |  85.0
       Dungeon | 100.0 | 100.0 |   0.0 |   0.0 |   0.0 |  85.0
               +-------+-------+-------+-------+-------+----------------------

Table legend:
 A = Kills in this place as a percentage of kills in entire the game.
 B = Kills by you in this place as a percentage of kills by you in the entire game.
 C = Kills by friends in this place as a percentage of kills by friends in the entire game.
 D = Other kills in this place as a percentage of other kills in the entire game.
 E = Experience gained in this place as a percentage of experience gained in the entire game.
 F = Experience gained in this place divided by the number of levels of this place that you have seen.
                   A       B       C       D       E      F
               +-------+-------+-------+-------+-------+----------------------
         Total | 100.0 | 100.0 |   N/A |   N/A | 100.0 |   7.0
       Dungeon | 100.0 | 100.0 |   N/A |   N/A | 100.0 |   7.0
               +-------+-------+-------+-------+-------+----------------------

Vault maps used:
D:1:      ldierk_water_garden, minmay_misc_feat_iff
